 Dungeon Crawl Stone Soup version 0.26-a0-651-gb41185065b (webtiles) character file.

Game seed: 8300015662952563160

2751 loralnil the Blocker (level 10, 0/79 HPs)
             Began as a Formicid Fighter on Oct 21, 2020.
             Was a Believer of Okawaru.
             Slain by an orc warrior
             ... wielding a +0 glaive
              (20 damage)
             ... on level 8 of the Dungeon.
             The game lasted 00:10:04 (6585 turns).

loralnil the Blocker (Formicid Fighter)             Turns: 6585, Time: 00:10:05

Health: 0/79       AC: 14    Str: 24    XL:     10   Next: 0%
Magic:  13/13      EV:  7    Int: 14    God:    Okawaru [**....]
Gold:   459        SH: 11    Dex: 10    Spells: 9/9 levels left

rFire    . . .     SeeInvis +   s - +1 war axe (vamp)
rCold    + . .     Faith    .   c - +0 kite shield
rNeg     . . .     Spirit   .   m - +0 plate armour
rPois    .         Reflect  .   (helmet unavailable)
rElec    .         Harm     .   (no cloak)
rCorr    .         Rampage  .   i - +0 pair of gloves
MR       +....                  (no boots)
Stlth    ..........             (no amulet)
HPRegen  0.23/turn              q - ring of protection from cold
MPRegen  0.13/turn              x - +6 ring of intelligence

@: no status effects
A: permanent stasis, dig shafts and tunnels, four strong arms, antennae 3
a: Dig, Shaft Self, Heroism, Renounce Religion


You were on level 8 of the Dungeon.
You worshipped Okawaru.
Okawaru was pleased with you.
You visited 2 branches of the dungeon, and saw 9 of its levels.

You collected 459 gold pieces.

Inventory:

Hand Weapons
 s - a +1 vampiric war axe (weapon)
Armour
 c - a +0 kite shield (worn)
 i - a +0 pair of gloves (worn)
 m - a +0 plate armour (worn)
Jewellery
 q - a ring of protection from cold (left hand)
 x - a +6 ring of intelligence (right hand)
Wands
 w - a wand of acid (10)
 y - a wand of random effects (21)
Scrolls
 e - 5 scrolls of remove curse
 f - a scroll of fear {unknown}
 g - a scroll of immolation
 k - a scroll of magic mapping {unknown}
 o - 2 scrolls of amnesia {unknown}
 t - a scroll of enchant weapon {unknown}
 u - a scroll of random uselessness {unknown}
Potions
 a - 2 potions of mutation
 b - 3 potions of invisibility
 d - 3 potions of might
 h - 8 potions of curing
 j - a potion of resistance
 l - a potion of heal wounds
 n - a potion of magic {unknown}
 p - a potion of stabbing {unknown}
 r - a potion of degeneration {unknown}
 v - a potion of brilliance {unknown}


   Skills:
 + Level 7.5 Fighting
 + Level 6.5 Axes
 + Level 7.6 Armour
 + Level 8.3 Shields
 + Level 4.1 Invocations


You had 9 spell levels left.
You didn't know any spells.
Your spell library contained the following spells:

 Spells                   Type           Power        Failure   Level
 Animate Skeleton         Necr           #.....       99%         1
 Apportation              Tloc           #.....       99%         1
 Corona                   Hex            #......      99%         1
 Summon Small Mammal      Summ           #...         99%         1
 Poisonous Vapours        Pois/Air       #.....       100%        2
 Conjure Flame            Conj/Fire      #.......     100%        3
 Lesser Beckoning         Tloc           #.........   100%        3
 Mephitic Cloud           Conj/Pois/Air  #.......     100%        3
 Tukima's Dance           Hex            #.......     100%        3
 Alistair's Intoxication  Tmut/Pois      #........    100%        5
 Freezing Cloud           Conj/Ice/Air   #.........   100%        6
 Invisibility             Hex            #.......     100%        6


Dungeon Overview and Level Annotations

Branches:
Dungeon (8/15)             Temple (1/1) D:7
   Lair: D:8-11

Altars:
Ashenzari
Dithmenos
Elyvilon
Fedhas
Gozag
Hepliaklqana
Makhleb
Okawaru
Qazlal
Ru
Uskayaw
Vehumet
Wu Jian
Xom
Yredelemnul
Zin
The Shining One

Shops:
D:5 *


Innate Abilities, Weirdness & Mutations

You cannot be hasted, slowed, berserked, paralysed or teleported.
You can dig through walls and to a lower floor.
Your four strong arms can wield two-handed weapons with a shield.
You have a pair of large antennae on your head. (SInv)


Message History

The orc warrior hits you but does no damage.
Your plate armour prevents you from hitting the orc warrior.
The orc warrior is heavily wounded.
You slash the orc warrior!
The orc warrior is almost dead.
You block the orc warrior's attack.
You barely miss the orc warrior.
The orc warrior is almost dead.
The orc warrior hits you with a +0 glaive!!
You barely miss the orc warrior.
The orc warrior is almost dead.
The orc warrior hits you with a +0 glaive!
* * * LOW HITPOINT WARNING * * *
You closely miss the orc warrior.
The orc warrior is almost dead.
You block the orc warrior's attack.
Your plate armour prevents you from hitting the orc warrior.
The orc warrior is almost dead.
The orc warrior hits you with a +0 glaive!!
You die...

..................#.....##....###
.........########.#.....##.......
........## #.#.######....###
#######.. #.#.# #....# #.## #.#.#
###)## #.# #.#.# #.# # #.#.# #.#
#.#.o###.# #.# ....ooo@.# #.#
###.###### #.# ######.# #......#
#.######### #..........
#.######### ###


You could see an orc warrior, an orc priest and 2 orcs.

Vanquished Creatures
  Prince Ribbit (D:7)
  A hippogriff (D:7)
  Menkaure (D:7)
  An orc warrior (D:6)
  A black bear (D:8)
  A phantom (D:6)
  A necrophage (D:7)
  3 ogres
  2 centaurs
  5 bullfrogs
  2 scorpions
  4 wights (D:7)
  A bullfrog zombie (D:3)
  2 centaur zombies
  3 orc priests
  2 hounds
  A jelly (D:7)
  2 centaur skeletons (D:7)
  A bullfrog skeleton (D:8)
  7 orc wizards
  An iguana (D:4)
  Jessica (D:2)
  A statue (D:4)
  A worker ant (D:3)
  A killer bee zombie (D:8)
  A hound zombie (D:6)
  2 hound skeletons
  A worker ant zombie (D:6)
  3 gnolls (D:4)
  9 adders
  2 white imps
  2 ufetubi (D:7)
  An ooze (D:3)
  An adder zombie (D:8)
  A dart slug (D:2)
  2 leopard geckos
  14 orcs
  5 giant cockroaches
  7 goblins
  4 hobgoblins
  2 jackals (D:1)
  4 kobolds
  7 quokkas
  5 bats
  6 frilled lizards
  A leopard gecko skeleton (D:4)
  A quokka zombie (D:8)
  8 rats
136 creatures vanquished.

Vanquished Creatures (others)
  5 dream sheep (D:5)
5 creatures vanquished.

Grand Total: 141 creatures vanquished

Notes
Turn   | Place    | Note
-------+----------+-------------------------------------------
     0 | D:1      | loralnil the Formicid Fighter began the quest for the Orb.
     0 | D:1      | Reached XP level 1. HP: 18/18 MP: 1/1
   204 | D:1      | Reached XP level 2. HP: 24/24 MP: 2/2
   840 | D:2      | Noticed Jessica
  1017 | D:2      | Killed Jessica
  1017 | D:2      | Reached skill level 4 in Shields
  1017 | D:2      | Reached XP level 3. HP: 30/30 MP: 3/3
  1140 | D:2      | Reached XP level 4. HP: 30/37 MP: 4/4
  1238 | D:2      | Found a hazy altar of Hepliaklqana.
  1719 | D:2      | Found a glowing golden altar of the Shining One.
  1751 | D:2      | Found a shadowy altar of Dithmenos.
  1792 | D:2      | Found a broken altar of Ashenzari.
  1901 | D:3      | Reached XP level 5. HP: 38/42 MP: 5/5
  2513 | D:3      | Reached XP level 6. HP: 42/49 MP: 6/6
  2864 | D:4      | Reached skill level 5 in Shields
  3110 | D:4      | Found a radiant altar of Vehumet.
  3328 | D:5      | Entered Level 5 of the Dungeon
  3332 | D:5      | Reached skill level 5 in Armour
  3332 | D:5      | Reached XP level 7. HP: 55/55 MP: 7/7
  3419 | D:5      | Reached skill level 5 in Fighting
  3503 | D:5      | Found a stormy altar of Qazlal.
  3536 | D:5      | Noticed a dream sheep
  3536 | D:5      | Noticed a dream sheep
  3536 | D:5      | Noticed a dream sheep
  3536 | D:5      | Noticed a dream sheep
  3536 | D:5      | Noticed a dream sheep
  3536 | D:5      | Found a shimmering altar of Xom.
  3541 | D:5      | Killed a dream sheep
  3541 | D:5      | Killed a dream sheep
  3541 | D:5      | Killed a dream sheep
  3542 | D:5      | Killed a dream sheep
  3542 | D:5      | Killed a dream sheep
  3647 | D:5      | Found a sacrificial altar of Ru.
  3711 | D:5      | Found Beroph Wuufo's General Store.
  4027 | D:6      | Noticed a +0 dagger
  4028 | D:6      | Found a hide-covered altar of Uskayaw.
  4028 | D:6      | Noticed a +0 dagger
  4197 | D:6      | Reached skill level 6 in Shields
  4197 | D:6      | Reached XP level 8. HP: 10/63 MP: 8/8
  4985 | D:7      | Reached skill level 5 in Axes
  5059 | D:7      | Found a staircase to the Ecumenical Temple.
  5059 | D:7      | Noticed Prince Ribbit
  5068 | D:7      | Killed Prince Ribbit
  5068 | D:7      | Reached skill level 7 in Shields
  5074 | Temple   | Entered the Ecumenical Temple
  5081 | Temple   | Became a worshipper of Warmaster Okawaru
  5143 | D:7      | Reached skill level 1 in Invocations
  5143 | D:7      | Reached XP level 9. HP: 48/69 MP: 9/9
  5191 | D:7      | Noticed Menkaure
  5201 | D:7      | Killed Menkaure
  5308 | D:7      | Found an ornate altar of the Wu Jian Council.
  5315 | D:7      | Noticed a hippogriff
  5322 | D:7      | Killed a hippogriff
  5524 | D:7      | Reached * piety under Okawaru
  6117 | D:8      | Reached skill level 8 in Shields
  6265 | D:8      | Reached ** piety under Okawaru
  6405 | D:8      | Reached XP level 10. HP: 56/79 MP: 13/13
  6585 | D:8      | Slain by an orc warrior

Illustrated notes

Levels and vault maps discovered:
D:1:      dpeg_arrival_tiny_f, layout_basic, hangedman_decor_growths,
          chequers_jeans, chequers_serial_rivers_small_b, st_stairs_6,
          corexii_leaking_fountain, lemuel_old_faithful
D:2:      kennysheep_six_static_rooms, layout_basic,
          nicolae_overflow_crystal_walls, lemuel_doored_altar,
          overflow_temple_1_default, ashenzari_conservatory_becter, uniq_jessica
D:3:      layout_basic, corexii_corridor_pit
D:4:      layout_rooms, vehumet_statue, serial_bayou_pond_c
D:5:      layout_gridville, kennysheep_mini,
          nicolae_ru_great_annihilating_truth, serial_shops,
          nicolae_shop_temple_entry_statues_fountains,
          ebering_dispersal_statue_hall, kb_xom_exploding_sheep
D:6:      layout_cave_pools, dancing_weapons_uskayaw,
          nicolae_overflow_hidden_temple
D:7:      layout_loops_cross, lemuel_crystal_altar,
          minmay_temple_entry_glassed_door, uniq_prince_ribbit1, uniq_menkaure
D:8:      layout_basic, tgw_sif
Temple:   eino_temple_lava

Skill      XL: |  1  2  3  4  5  6  7  8  9 |
---------------+----------------------------+-----
Shields        | 4 5 6 7 8 |  8.3
Armour         | 4 5 6 7 |  7.6
Fighting       | 4 5 6 7 |  7.5
Axes           | 3 4 5 6 |  6.5
Invocations    | 1 4 |  4.1

Action                   |  1- 3 |  4- 6 |  7- 9 | 10-12 || total
-------------------------+-------+-------+-------+-------++-------
Melee: War axe           |    50 |   153 |   291 |     8 ||   502
  Use: Scroll            |       |     9 |     2 |       ||    11
       Potion            |       |       |     2 |       ||     2
 Stab: Paralysed         |       |       |     1 |       ||     1
Armor: Scale mail        |    26 |    47 |       |       ||    73
       Chain mail        |       |     7 |    46 |       ||    53
       Plate armour      |       |       |   108 |     1 ||   109
Dodge: Dodged            |    10 |    50 |    84 |       ||   144
Block: Kite shield       |    29 |    78 |   190 |     3 ||   300

Table legend: (Time is in decaauts)
 A = Elapsed time spent in this place.
 B = Non-inter-level travel time spent in this place.
 C = Inter-level travel time spent in this place.
 D = Time resting spent in this place.
 E = Time spent auto-exploring this place.
 F = Levels seen in this place.
 G = Mean time per level.
                   A        B        C        D        E       F      G
               +--------+--------+--------+--------+--------+-----+--------+
         Total |   6741 |   6598 |    143 |    453 |   4809 |   9 |  749.0 |
       Dungeon |   6727 |   6584 |    143 |    453 |   4809 |   8 |  840.9 |
        Temple |     14 |     14 |      0 |      0 |      0 |   1 |   14.0 |
               +--------+--------+--------+--------+--------+-----+--------+

Top non-repeatable levels by time:
     D:7: 1052 daAuts
     D:1: 1022 daAuts
     D:6: 967 daAuts
     D:3: 952 daAuts
     D:2: 897 daAuts
     D:5: 663 daAuts
     D:8: 635 daAuts
     D:4: 537 daAuts
  Temple: 14 daAuts
